[Event "69th RUS-ch Women Higher League 2019"]
[Site "Yaroslavl"]
[Date "2019.06.28"]
[Round "2.14"]
[White "Schepetkova, Margarita"]
[Black "Maletina, Tatiana"]
[Result "1/2-1/2"]
[ECO "A40"]
[WhiteElo "2241"]
[BlackElo "2273"]
[Annotator "NA"]
[PlyCount "80"]
[EventDate "2019.06.27"]
[EventType "swiss"]
[EventCountry "RUS"]
[SourceTitle "playchess.com"]
[Source "ChessBase"]
[SourceQuality "1"]
[TimeControl "40/5400+30:1800+30"]

1. d4 e6 2. g3 f5 3. Bg2 Nf6 4. Nf3 b6 5. O-O Bb7 6. c4 Be7 7. d5 O-O 8. dxe6 dxe6 9. Qxd8 Bxd8 10. Rd1 Na6 11. Nc3 Re8 12. Bf4 h6 13. h4 Ng4 14. Rac1 Bf6 15. Ne5 Bxg2 16. Nxg4 fxg4 17. Kxg2 Rad8 18. Rxd8 Rxd8 19. Rd1 Rxd1 20. Nxd1 h5 21. f3 gxf3+ 22. Kxf3 Kf7 23. b3 e5 24. Bd2 Nc5 25. Nc3 Ne6 26. Be3 c6 27. a4 Nd4+ 28. Bxd4 exd4 29. Ne4 Be7 30. Nf2 Ke6 31. Nd3 Kf5 32. Nf2 Bd6 33. Nd3 Be7 34. Nf2 Bf6 35. Nd3 Be7 36. Nf2 Bd6 37. Nd3 Be7 38. Nf2 Bd6 39. Nd3 Be7 40. Nf2 Bd6 {[%emt 0:00:00] Ke4+ Ke5+} 1/2-1/2

[Event "69th RUS-ch Women Higher League 2019"]
[Site "Yaroslavl"]
[Date "2019.06.28"]
[Round "2.15"]
[White "Bivol, Alina"]
[Black "Utiatskaja, Irina"]
[Result "1/2-1/2"]
[ECO "A37"]
[WhiteElo "2391"]
[BlackElo "2192"]
[Annotator "NA"]
[PlyCount "94"]
[EventDate "2019.06.27"]
[EventType "swiss"]
[EventCountry "RUS"]
[SourceTitle "playchess.com"]
[Source "ChessBase"]
[SourceQuality "1"]
[TimeControl "40/5400+30:1800+30"]

1. Nf3 c5 2. g3 Nc6 3. Bg2 g6 4. c4 Bg7 5. Nc3 e6 6. O-O Nge7 7. d3 O-O 8. Bf4 e5 9. Bd2 d6 10. a3 b6 11. Ne1 Be6 12. b4 Rb8 13. Rb1 Qd7 14. Nd5 Nd8 15. e4 Ndc6 16. Nc2 Nd4 17. Nxd4 cxd4 18. f4 Nxd5 19. cxd5 Bg4 20. Qb3 Bh6 21. Rbc1 Rbc8 22. Rxc8 Rxc8 23. Rc1 exf4 24. Rxc8+ Qxc8 25. gxf4 Be2 26. h3 Qd8 27. Kf2 Bh5 28. Kg3 g5 29. f5 Bg7 30. Kf2 g4 31. hxg4 Qh4+ 32. Kg1 Bxg4 33. Qc2 Be5 34. Kf1 Kg7 35. Bc1 Qh2 36. Qd2 h6 37. Qf2 Kg8 38. Qd2 Kg7 39. Qf2 Kh7 40. Qd2 Qh4 41. a4 Bh3 42. b5 Qh5 43. Bxh3 Qxh3+ 44. Kg1 Bf6 45. Qe2 Qg3+ 46. Kf1 Qh3+ 47. Kg1 Qg3+ 1/2-1/2

[Event "69th RUS-ch Women Higher League 2019"]
[Site "Yaroslavl"]
[Date "2019.06.28"]
[Round "2.16"]
[White "Filippova, Darya"]
[Black "Paramzina, Anastasya"]
[Result "0-1"]
[ECO "A13"]
[WhiteElo "2174"]
[BlackElo "2300"]
[Annotator "NA"]
[PlyCount "76"]
[EventDate "2019.06.27"]
[EventType "swiss"]
[EventCountry "RUS"]
[SourceTitle "playchess.com"]
[Source "ChessBase"]
[SourceQuality "1"]
[TimeControl "40/5400+30:1800+30"]

1. c4 Nf6 2. g3 e6 3. Bg2 d5 4. Nf3 dxc4 5. Qa4+ Nbd7 6. Qxc4 a6 7. Qc2 c5 8. Nc3 Rb8 9. d3 Bd6 10. O-O O-O 11. Nd2 b6 12. Nde4 Bc7 13. Rb1 Qe7 14. a3 Bb7 15. b4 cxb4 16. Rxb4 Rfc8 17. Qb1 b5 18. Nxf6+ Nxf6 19. Ne4 Nxe4 20. Bxe4 Bd6 21. Bxb7 Rxb7 22. Rg4 f5 23. Bg5 Qe8 24. Rh4 Bxa3 25. e4 h6 26. Be3 Be7 27. Rh3 fxe4 28. dxe4 Rc4 29. e5 a5 30. Rd1 a4 31. f4 Bc5 32. Bxc5 Rxc5 33. f5 Rd7 34. f6 Rxd1+ 35. Qxd1 Qc8 36. Qg4 Rc1+ 37. Kf2 Qc2+ 38. Ke3 Re1+ 0-1

[Event "69th RUS-ch Women Higher League 2019"]
[Site "Yaroslavl"]
[Date "2019.06.28"]
[Round "2.17"]
[White "Dimitrova, Aleksandra"]
[Black "Nosacheva, Mariya"]
[Result "1/2-1/2"]
[ECO "C96"]
[WhiteElo "2273"]
[BlackElo "2150"]
[Annotator "NA"]
[PlyCount "102"]
[EventDate "2019.06.27"]
[EventType "swiss"]
[EventCountry "RUS"]
[SourceTitle "playchess.com"]
[Source "ChessBase"]
[SourceQuality "1"]
[TimeControl "40/5400+30:1800+30"]

1. e4 e5 2. Nf3 Nc6 3. Bb5 a6 4. Ba4 Nf6 5. O-O Be7 6. Re1 b5 7. Bb3 d6 8. c3 O-O 9. h3 Na5 10. Bc2 c5 11. d4 Nd7 12. Nbd2 exd4 13. cxd4 Nc6 14. d5 Nce5 15. Nh2 Nb6 16. f4 Ng6 17. Ndf1 f5 18. Qh5 Bf6 19. Nf3 Bd7 20. e5 Be7 21. e6 Nxf4 22. Bxf4 Be8 23. Qxf5 Rxf5 24. Bxf5 Nxd5 25. Bh2 Bc6 26. Rad1 Qb6 27. Kh1 Rf8 28. Be4 Nf4 29. Bxc6 Qxc6 30. Bxf4 Rxf4 31. Ne3 Kf8 32. Nd5 Rf5 33. Ne3 Rf4 34. Nd5 Rf5 35. Ne3 Rh5 36. Kh2 Ke8 37. g4 Rh6 38. Nd5 Rg6 39. Rd3 h5 40. g5 c4 41. Rdd1 h4 42. Re4 Qc5 43. Re2 Kd8 44. Nf4 Rxg5 45. Nxg5 Qxg5 46. Rf1 Qg3+ 47. Kh1 g5 48. Rg2 Qe3 49. Re2 Qg3 50. Rg2 Qe3 51. Re2 Qg3 1/2-1/2

[Event "69th RUS-ch Women Higher League 2019"]
[Site "Yaroslavl"]
[Date "2019.06.28"]
[Round "2.18"]
[White "Chkhan, Viktoria"]
[Black "Komiagina, Maria"]
[Result "0-1"]
[ECO "D37"]
[WhiteElo "2141"]
[BlackElo "2254"]
[Annotator "NA"]
[PlyCount "200"]
[EventDate "2019.06.27"]
[EventType "swiss"]
[EventCountry "RUS"]
[SourceTitle "playchess.com"]
[Source "ChessBase"]
[SourceQuality "1"]
[TimeControl "40/5400+30:1800+30"]

1. d4 Nf6 2. c4 e6 3. Nf3 d5 4. Nc3 a6 5. e3 Be7 6. Bd3 O-O 7. O-O dxc4 8. Bxc4 b5 9. Bd3 Bb7 10. Qe2 Nbd7 11. Rd1 Qc8 12. Bd2 c5 13. dxc5 Nxc5 14. Bc2 Qc6 15. a3 Nce4 16. Bxe4 Nxe4 17. Nxe4 Qxe4 18. Bc3 Rfd8 19. h3 h6 20. Ne1 Rac8 21. Nf3 Qg6 22. Rxd8+ Rxd8 23. Rd1 Bd5 24. Ne1 Rc8 25. Rd4 h5 26. Rd1 Rc4 27. Rd4 Bxa3 28. Rxc4 Bxc4 29. Qd2 Be7 30. Kh2 Bd5 31. Bb4 Bf6 32. Bc3 Bxc3 33. Qxc3 Qf5 34. f3 h4 35. Nd3 Qg5 36. e4 Bc4 37. Ne5 Qf6 38. Kg1 Kh7 39. Qd4 Qf4 40. b4 f6 41. Ng4 f5 42. Nf2 fxe4 43. fxe4 Qg3 44. Qd1 Qe5 45. Qd8 Qa1+ 46. Kh2 Qf6 47. Qd2 e5 48. Kg1 Qf4 49. Qd1 Bf7 50. Qe1 Bg6 51. Kh1 Qg3 52. Kg1 Bh5 53. Kf1 Qh2 54. Qe3 Bf7 55. Qf3 Bc4+ 56. Ke1 Qg1+ 57. Kd2 Kg8 58. Qf5 Qxg2 59. Qc8+ Kh7 60. Qf5+ Qg6 61. Qxe5 Qf6 62. Ng4 Qxe5 63. Nxe5 g5 64. Ng4 Kg6 65. Ke3 Bf1 66. Nf2 Kf6 67. Kf3 Kg6 68. Ke3 Kf7 69. Kf3 Kf6 70. Ke3 Ke5 71. Ng4+ Ke6 72. Nf2 Bg2 73. Kd4 Kd6 74. Ke3 g4 75. Nxg4 Bxh3 76. Nh2 Bd7 77. Kd4 Kc6 78. Nf3 h3 79. Ne5+ Kd6 80. Nf3 Bg4 81. Nh2 Bh5 82. Nf1 Bf3 83. Nh2 Bg2 84. Ng4 Kc6 85. Nh2 Kb6 86. e5 Kc6 87. Ng4 Kd7 88. Nh2 Ke6 89. Ng4 Kf5 90. Nh2 Kf4 91. e6 Kg3 92. e7 Bc6 93. Kc5 Be8 94. Nf1+ Kg2 95. Ne3+ Kg1 96. Ng4 h2 97. Nxh2 Kxh2 98. Kb6 Kg3 99. Kxa6 Kf4 100. Kb6 Ke5 0-1

[Event "69th RUS-ch Women Higher League 2019"]
[Site "Yaroslavl"]
[Date "2019.06.28"]
[Round "2.19"]
[White "Chernyak, Viktoria"]
[Black "Shaydullina, Sandugach"]
[Result "1-0"]
[ECO "A96"]
[WhiteElo "2253"]
[BlackElo "2128"]
[Annotator "NA"]
[PlyCount "121"]
[EventDate "2019.06.27"]
[EventType "swiss"]
[EventCountry "RUS"]
[SourceTitle "playchess.com"]
[Source "ChessBase"]
[SourceQuality "1"]
[TimeControl "40/5400+30:1800+30"]

1. Nf3 f5 2. g3 d6 3. d4 e6 4. Bg2 Nf6 5. c4 Be7 6. O-O O-O 7. Nc3 Ne4 8. Qc2 Nxc3 9. Qxc3 Bf6 10. Rd1 Qe8 11. Bg5 e5 12. dxe5 dxe5 13. Bxf6 gxf6 14. b4 Nc6 15. b5 Ne7 16. Rd2 a6 17. Qb4 axb5 18. cxb5 Bd7 19. Qc4+ Rf7 20. Qxc7 Bxb5 21. Qxb7 Rb8 22. Qa7 e4 23. Nd4 e3 24. fxe3 Nc6 25. Qa3 Nxd4 26. Rxd4 Re7 27. Kf2 Rc8 28. Rad1 Kg7 29. Bf3 Rec7 30. Qd6 Ba4 31. R1d2 Bc2 32. Qf4 Re7 33. Rd6 Qf7 34. a4 Rc4 35. R6d4 Rc3 36. a5 Qe6 37. Rd6 Qf7 38. a6 Rc4 39. R2d4 Rc3 40. Rd2 Rc4 41. R6d4 Rc3 42. Rb4 Rexe3 43. Rb7 Re7 44. Qb4 Rce3 45. Rxc2 Kg6 46. Rxe7 Rxe7 47. Bb7 Rd7 48. Qc4 Qf8 49. Rc3 Qd8 50. Qc5 Re7 51. Rd3 Qe8 52. Re3 Rxe3 53. Qxe3 Qb5 54. a7 Qxb7 55. Qe8+ Kg7 56. a8=Q Qb6+ 57. Qe3 Qd6 58. Qaa7+ Kg6 59. Qe8+ Kh6 60. Qae3+ f4 61. Qxf4+ 1-0

[Event "69th RUS-ch Women Higher League 2019"]
[Site "Yaroslavl"]
[Date "2019.06.28"]
[Round "2.20"]
[White "Bulatova, Kamaliya"]
[Black "Garifullina, Leya"]
[Result "1/2-1/2"]
[ECO "E53"]
[WhiteElo "2102"]
[BlackElo "2246"]
[Annotator "NA"]
[PlyCount "80"]
[EventDate "2019.06.27"]
[EventType "swiss"]
[EventCountry "RUS"]
[SourceTitle "playchess.com"]
[Source "ChessBase"]
[SourceQuality "1"]
[TimeControl "40/5400+30:1800+30"]

1. d4 Nf6 2. c4 e6 3. Nc3 Bb4 4. e3 O-O 5. Bd3 d5 6. Nf3 c5 7. O-O cxd4 8. exd4 dxc4 9. Bxc4 b6 10. Bg5 Bb7 11. Qe2 Nbd7 12. Rac1 h6 13. Bh4 Be7 14. Rfd1 Re8 15. Ne5 Nd5 16. Bg3 Nxc3 17. Rxc3 Bb4 18. Rb3 Nxe5 19. dxe5 Qe7 20. Rbd3 Qc5 21. Rd7 Qc6 22. f3 Qc8 23. Kh1 Bc6 24. R7d4 Bc5 25. Rg4 Rd8 26. Bd3 Rd7 27. Bh4 Kf8 28. Rc1 a5 29. a3 a4 30. Qd2 Qa6 31. Rxg7 Qxd3 32. Qxh6 Qd1+ 33. Be1 Qxc1 34. Qh8+ Ke7 35. Qh4+ Ke8 36. Rg8+ Bf8 37. Rxf8+ Kxf8 38. Qh8+ Ke7 39. Qf6+ Kf8 40. Qh8+ Ke7 1/2-1/2

[Event "69th RUS-ch Women Higher League 2019"]
[Site "Yaroslavl"]
[Date "2019.06.28"]
[Round "2.21"]
[White "Lysenko, Margarita"]
[Black "Kabanova, Ekaterina"]
[Result "1/2-1/2"]
[ECO "D31"]
[WhiteElo "2224"]
[BlackElo "2099"]
[Annotator "NA"]
[PlyCount "112"]
[EventDate "2019.06.27"]
[EventType "swiss"]
[EventCountry "RUS"]
[SourceTitle "playchess.com"]
[Source "ChessBase"]
[SourceQuality "1"]
[TimeControl "40/5400+30:1800+30"]

1. d4 d5 2. c4 e6 3. Nc3 a6 4. cxd5 exd5 5. Bf4 Nf6 6. e3 Bd6 7. Bg5 c6 8. Bd3 Be6 9. Nge2 Nbd7 10. h3 Qb8 11. O-O h6 12. Bf4 O-O 13. Rc1 Re8 14. Bxd6 Qxd6 15. Ng3 Qb4 16. Qc2 Rac8 17. a3 Qd6 18. Na4 Qb8 19. Nc5 Nxc5 20. Qxc5 Rc7 21. Rc2 Qc8 22. Rfc1 h5 23. Qd6 h4 24. Ne2 Nh5 25. Qe5 g6 26. Qg5 Qd8 27. Qxd8 Rxd8 28. b4 Re7 29. a4 Bd7 30. b5 axb5 31. axb5 Rde8 32. Rb2 Nf6 33. bxc6 bxc6 34. Rb7 Ra8 35. Rxc6 Bxc6 36. Rxe7 Ra3 37. Rc7 Rxd3 38. Rxc6 Rd1+ 39. Kh2 Ne4 40. f3 Nd2 41. Rc1 Nf1+ 42. Kg1 Rxc1 43. Nxc1 Nxe3 44. Ne2 Nf5 45. Kf2 Kg7 46. Nf4 Ne7 47. Ne2 Kf6 48. Ke3 Nf5+ 49. Kd3 Ke6 50. Nf4+ Kd6 51. Ne2 Kc6 52. Nc3 g5 53. Ne2 Kd6 54. f4 f6 55. fxg5 fxg5 56. Ng1 Ke6 {[%emt 0:07:24] Ke4 Ke5+} 1/2-1/2

[Event "69th RUS-ch Women Higher League 2019"]
[Site "Yaroslavl"]
[Date "2019.06.28"]
[Round "2.22"]
[White "Diakonova, Ekaterina"]
[Black "Faizutdinova, Diana"]
[Result "1-0"]
[ECO "B01"]
[WhiteElo "2196"]
[BlackElo "2061"]
[Annotator "NA"]
[PlyCount "73"]
[EventDate "2019.06.27"]
[EventType "swiss"]
[EventCountry "RUS"]
[SourceTitle "playchess.com"]
[Source "ChessBase"]
[SourceQuality "1"]
[TimeControl "40/5400+30:1800+30"]

1. e4 d5 2. exd5 Qxd5 3. Nf3 Nf6 4. d4 Bg4 5. Be2 c6 6. O-O e6 7. h3 Bh5 8. c4 Qd8 9. b3 Be7 10. Bb2 O-O 11. Nbd2 Nbd7 12. Qc2 Bg6 13. Bd3 c5 14. a3 Rc8 15. Bxg6 hxg6 16. Rfe1 Bd6 17. Ne4 Nxe4 18. Qxe4 Nf6 19. Qe3 a6 20. Rad1 cxd4 21. Qxd4 Bc5 22. Qh4 Qb6 23. Ng5 e5 24. Bxe5 Nh5 25. Ne4 Rfe8 26. Nxc5 Qxc5 27. Bb2 b5 28. Rxe8+ Rxe8 29. Rc1 Re2 30. cxb5 Qxb5 31. Rc8+ Kh7 32. Qd8 g5 33. Bc3 Qf5 34. f3 Qb1+ 35. Kh2 Nf4 36. Qh8+ Kg6 37. Qxg7+ 1-0

[Event "69th RUS-ch Women Higher League 2019"]
[Site "Yaroslavl"]
[Date "2019.06.28"]
[Round "2.23"]
[White "Matveeva, Olga"]
[Black "Yakushina, Ekaterina"]
[Result "0-1"]
[ECO "D85"]
[WhiteElo "2189"]
[BlackElo "1783"]
[Annotator "NA"]
[PlyCount "75"]
[EventDate "2019.06.27"]
[EventType "swiss"]
[EventCountry "RUS"]
[SourceTitle "playchess.com"]
[Source "ChessBase"]
[SourceQuality "1"]
[TimeControl "40/5400+30:1800+30"]

1. d4 Nf6 2. c4 g6 3. Nc3 d5 4. cxd5 Nxd5 5. Bd2 Nb6 6. Bf4 Bg7 7. e3 O-O 8. Nf3 c5 9. dxc5 N6d7 10. Nd5 Nxc5 11. Rc1 Nba6 12. b4 Ne4 13. Bxa6 bxa6 14. Rc7 Bd7 15. Ng5 e6 16. Nxe4 exd5 17. Qxd5 Bb5 18. Qxd8 Rfxd8 19. Nd6 Bf8 20. Nxb5 axb5 21. Ke2 Bxb4 22. Rd1 Rxd1 23. Kxd1 Rd8+ 24. Kc1 a5 25. Rb7 Rd5 26. Bh6 f6 27. e4 Rh5 28. Bf4 Rh4 29. Be3 Rxh2 30. Rxb5 Rxg2 31. Bd4 h5 32. Bxf6 Rxf2 33. e5 Kf7 34. Rb7+ Ke6 35. Rb6+ Kf5 36. a4 Ra2 37. Bg7 Rxa4 38. e6 {[%emt 0:01:11] Ke5} 0-1

[Event "69th RUS-ch Women Higher League 2019"]
[Site "Yaroslavl"]
[Date "2019.06.28"]
[Round "2.24"]
[White "Tokmakova, Ulyana"]
[Black "Markelova, Lubov"]
[Result "0-1"]
[ECO "A11"]
[WhiteElo "1878"]
[BlackElo "2186"]
[Annotator "NA"]
[PlyCount "70"]
[EventDate "2019.06.27"]
[EventType "swiss"]
[EventCountry "RUS"]
[SourceTitle "playchess.com"]
[Source "ChessBase"]
[SourceQuality "1"]
[TimeControl "40/5400+30:1800+30"]

1. c4 c6 2. Qa4 Nf6 3. Nc3 g6 4. Nf3 Bg7 5. g3 O-O 6. Bg2 d6 7. d4 Nbd7 8. Qc2 e5 9. O-O Re8 10. dxe5 dxe5 11. Bg5 h6 12. Be3 Qe7 13. Rad1 Nf8 14. h3 Bf5 15. Qc1 g5 16. g4 Bh7 17. Nd2 Ne6 18. Nde4 Nf4 19. Bc5 Nxe4 20. Bxe7 Nxc3 21. Kh2 Ncxe2 22. Qe3 Nxg2 23. Kxg2 Nf4+ 24. Kh2 Rxe7 25. Qc5 Rae8 26. Qxa7 Bd3 27. Rfe1 Bxc4 28. b3 Bd5 29. Qc5 e4 30. Qe3 Be5 31. Kg1 Ng6 32. Re2 Bf4 33. Qc3 e3 34. fxe3 Bxe3+ 35. Kf1 Bf3 0-1

[Event "69th RUS-ch Women Higher League 2019"]
[Site "Yaroslavl"]
[Date "2019.06.29"]
[Round "3.1"]
[White "Maltsevskaya, Aleksandra"]
[Black "Shuvalova, Polina"]
[Result "0-1"]
[ECO "A49"]
[WhiteElo "2316"]
[BlackElo "2418"]
[Annotator "NA"]
[PlyCount "82"]
[EventDate "2019.06.27"]
[EventType "swiss"]
[EventCountry "RUS"]
[SourceTitle "playchess.com"]
[Source "ChessBase"]
[SourceQuality "1"]
[TimeControl "40/5400+30:1800+30"]

1. Nf3 Nf6 2. d4 g6 3. g3 Bg7 4. Bg2 d5 5. O-O c6 6. c4 dxc4 7. Na3 b5 8. Nc2 Bb7 9. a4 O-O 10. Ne5 Nd5 11. e4 Nb6 12. a5 N6d7 13. Ng4 h5 14. Nge3 e5 15. f4 exd4 16. Nxd4 Nc5 17. e5 Qd7 18. Nec2 Nba6 19. Qf3 Rac8 20. Be3 Ba8 21. f5 Bxe5 22. g4 Nd3 23. Qh3 c5 24. Nf3 hxg4 25. Qxg4 Qxf5 26. Qxf5 gxf5 27. Nxe5 Bxg2 28. Kxg2 Nxe5 29. Rxf5 Rfe8 30. h4 Ng6 31. Kh3 Nb4 32. Rg1 Nxc2 33. Bxc5 Re1 34. Bxa7 b4 35. h5 Rxg1 36. Bxg1 Ne7 37. Rb5 c3 38. bxc3 Rxc3+ 39. Kg4 Ra3 40. Kg5 Rg3+ 41. Kh6 Kh8 0-1

[Event "69th RUS-ch Women Higher League 2019"]
[Site "Yaroslavl"]
[Date "2019.06.29"]
[Round "3.2"]
[White "Tomilova, Elena"]
[Black "Charochkina, Daria"]
[Result "1-0"]
[ECO "A04"]
[WhiteElo "2289"]
[BlackElo "2338"]
[Annotator "NA"]
[PlyCount "133"]
[EventDate "2019.06.27"]
[EventType "swiss"]
[EventCountry "RUS"]
[SourceTitle "playchess.com"]
[Source "ChessBase"]
[SourceQuality "1"]
[TimeControl "40/5400+30:1800+30"]

1. Nf3 d6 2. g3 e5 3. d3 g6 4. Bg2 Bg7 5. c4 c5 6. Nc3 Ne7 7. O-O O-O 8. a3 Nbc6 9. Ne1 Be6 10. Nd5 Qd7 11. Rb1 Bh3 12. b4 Bxg2 13. Nxg2 f5 14. Nxe7+ Qxe7 15. Ne3 Nd4 16. Nd5 Qf7 17. bxc5 dxc5 18. e3 Ne6 19. f4 Kh8 20. Bb2 exf4 21. gxf4 Rad8 22. Qb3 b6 23. Bxg7+ Kxg7 24. Qc3+ Kg8 25. Qe5 Rde8 26. Qd6 Ng7 27. Rfe1 Re6 28. Qc7 Qxc7 29. Nxc7 Rd6 30. Nd5 Nh5 31. Rb3 Re6 32. a4 Nf6 33. Nxf6+ Rfxf6 34. Kf2 Rd6 35. h4 h5 36. a5 bxa5 37. Ra1 Rb6 38. Rb5 Rxb5 39. cxb5 Rb6 40. Rxa5 Rb7 41. Ke2 Kf7 42. Kd2 Ke6 43. e4 fxe4 44. dxe4 Kf6 45. Kc3 Rd7 46. Ra6+ Kg7 47. e5 Rb7 48. Kc4 Kf7 49. Kxc5 Rc7+ 50. Rc6 Rb7 51. Rf6+ Kg7 52. Ra6 Kf7 53. Kd6 Kg7 54. Kc6 Re7 55. Ra4 Kf7 56. Rd4 Ke8 57. Rd6 Rg7 58. Kd5 Rb7 59. Kc5 Kf7 60. Ra6 Rc7+ 61. Kd6 Rb7 62. b6 axb6 63. e6+ Kf6 64. Ra8 Kf5 65. e7 Rxe7 66. Kxe7 b5 67. Rb8 1-0

[Event "69th RUS-ch Women Higher League 2019"]
[Site "Yaroslavl"]
[Date "2019.06.29"]
[Round "3.3"]
[White "Bodnaruk, Anastasia"]
[Black "Borisova, Ekaterina"]
[Result "1-0"]
[ECO "B85"]
[WhiteElo "2440"]
[BlackElo "2267"]
[Annotator "NA"]
[PlyCount "81"]
[EventDate "2019.06.27"]
[EventType "swiss"]
[EventCountry "RUS"]
[SourceTitle "playchess.com"]
[Source "ChessBase"]
[SourceQuality "1"]
[TimeControl "40/5400+30:1800+30"]

1. e4 c5 2. Nf3 d6 3. d4 cxd4 4. Nxd4 Nf6 5. Nc3 a6 6. Be2 e6 7. f4 Nc6 8. Be3 Be7 9. O-O Qc7 10. Qe1 O-O 11. Kh1 Re8 12. Qg3 Rb8 13. Rae1 b5 14. e5 Nd5 15. Nxd5 exd5 16. Nxc6 Qxc6 17. Bd4 Bf5 18. Bd3 Bxd3 19. cxd3 Bf8 20. f5 Rb7 21. e6 Qc8 22. Qf3 Rc7 23. h3 b4 24. Re2 a5 25. Rfe1 f6 26. Qxd5 Be7 27. Qxa5 Qb7 28. Qb6 Qxb6 29. Bxb6 Rb7 30. Be3 Rb5 31. g4 g6 32. Rf2 Ra8 33. b3 Re5 34. d4 Re4 35. Kg2 d5 36. Rc2 h5 37. Kf3 h4 38. Rc7 Bd6 39. Rd7 Bg3 40. Rc1 gxf5 41. gxf5 1-0

[Event "69th RUS-ch Women Higher League 2019"]
[Site "Yaroslavl"]
[Date "2019.06.29"]
[Round "3.4"]
[White "Shafigullina, Zarina"]
[Black "Galliamova, Alisa"]
[Result "1-0"]
[ECO "A06"]
[WhiteElo "2240"]
[BlackElo "2444"]
[Annotator "NA RC"]
[PlyCount "108"]
[EventDate "2019.06.27"]
[EventType "swiss"]
[EventCountry "RUS"]
[SourceTitle "playchess.com"]
[Source "ChessBase"]
[SourceQuality "1"]
[TimeControl "40/5400+30:1800+30"]

1. Nf3 d5 2. g3 Nf6 3. Bg2 c5 4. O-O e6 5. d4 b5 6. a4 b4 7. c4 Bb7 8. Ne5 Qc7 9. cxd5 Bxd5 10. Bxd5 exd5 11. Bf4 Bd6 12. Nd2 O-O 13. Rc1 Nh5 14. e3 Nxf4 15. gxf4 f6 16. dxc5 Bxe5 17. fxe5 fxe5 18. Qb3 Qd8 19. Ne4 Nc6 20. Rcd1 Ne7 21. Nd6 Qd7 22. f3 a5 23. e4 Qc6 24. Rc1 Kh8 25. Rfd1 Qd7 26. exd5 Qh3 27. Rf1 Ng6 28. c6 Nh4 29. Qc2 Nxf3+ 30. Rxf3 Qxf3 31. c7 Qe3+ 32. Kh1 h6 33. Nc4 Qd4 34. Qd2 Qe4+ 35. Qg2 Qf4 36. Rg1 g5 37. Nb6 Rae8 38. d6 Qd4 39. Qc6 Re6 40. c8=Q Rxc8 41. Qxc8+ Kg7 42. Qb7+ Kg6 43. Nc8 Rf6 44. Re1 Kh5 45. Qg2 g4 46. h3 Rf4 47. Rg1 Kg5 48. Qe2 Qd5+ 49. Kh2 h5 50. Rg2 Kf6 51. Qe1 Ke6 52. Qh4 Rf7 53. hxg4 Qe4 54. Qh3 Rf3 1-0

[Event "69th RUS-ch Women Higher League 2019"]
[Site "Yaroslavl"]
[Date "2019.06.29"]
[Round "3.6"]
[White "Gritsayeva, Oksana"]
[Black "Afonasieva, Anna"]
[Result "1-0"]
[ECO "B90"]
[WhiteElo "2381"]
[BlackElo "2303"]
[Annotator "NA"]
[PlyCount "99"]
[EventDate "2019.06.27"]
[EventType "swiss"]
[EventCountry "RUS"]
[SourceTitle "playchess.com"]
[Source "ChessBase"]
[SourceQuality "1"]
[TimeControl "40/5400+30:1800+30"]

1. e4 c5 2. Nf3 d6 3. d4 cxd4 4. Nxd4 Nf6 5. Nc3 a6 6. Nb3 e6 7. g4 b5 8. Bg2 Bb7 9. g5 b4 10. Nd5 exd5 11. gxf6 dxe4 12. Qd4 Qxf6 13. Qxb4 e3 14. O-O Bxg2 15. Kxg2 Qg5+ 16. Kf3 Qf5+ 17. Kxe3 d5 18. Qa4+ Nd7 19. Kd2 Be7 20. Nd4 Qf4+ 21. Kd1 Qh4 22. c3 Rd8 23. Qxa6 O-O 24. Qe2 Bf6 25. Be3 Ne5 26. b3 Rc8 27. Rc1 Qxh2 28. f4 Qxe2+ 29. Kxe2 Ng4 30. Bg1 h5 31. Kd3 Rc7 32. a4 g5 33. Rc2 gxf4 34. Rxf4 Re8 35. Rg2 Bg5 36. Rf5 f6 37. Nf3 Rec8 38. Bd4 Be3 39. Rxh5 Rg7 40. Rxg4 Rxg4 41. Kxe3 Kf7 42. Rxd5 Re8+ 43. Kf2 Rge4 44. Rf5 Kg7 45. a5 Re2+ 46. Kg3 R8e6 47. b4 Ra2 48. Rb5 Ree2 49. Rb6 Rg2+ 50. Kf4 1-0

[Event "69th RUS-ch Women Higher League 2019"]
[Site "Yaroslavl"]
[Date "2019.06.29"]
[Round "3.7"]
[White "Goltseva, Ekaterina"]
[Black "Guseva, Marina"]
[Result "0-1"]
[ECO "E12"]
[WhiteElo "2304"]
[BlackElo "2379"]
[Annotator "NA"]
[PlyCount "48"]
[EventDate "2019.06.27"]
[EventType "swiss"]
[EventCountry "RUS"]
[SourceTitle "playchess.com"]
[Source "ChessBase"]
[SourceQuality "1"]
[TimeControl "40/5400+30:1800+30"]

1. d4 Nf6 2. c4 e6 3. Nf3 b6 4. a3 Bb7 5. Nc3 d5 6. cxd5 Nxd5 7. Qc2 Nxc3 8. bxc3 Be7 9. e4 O-O 10. Bd3 c5 11. O-O Nd7 12. Rd1 Qc7 13. Qe2 Rfd8 14. Be3 Rac8 15. a4 h6 16. h3 Nf6 17. Bd2 Bc6 18. e5 Nd7 19. Nh2 cxd4 20. cxd4 Nf8 21. Be3 Qd7 22. Qh5 Qd5 23. f3 f5 24. g4 Be8 0-1

[Event "69th RUS-ch Women Higher League 2019"]
[Site "Yaroslavl"]
[Date "2019.06.29"]
[Round "3.8"]
[White "Ovod, Evgenija"]
[Black "Dordzhieva, Dinara"]
[Result "0-1"]
[ECO "B20"]
[WhiteElo "2361"]
[BlackElo "2306"]
[Annotator "NA"]
[PlyCount "90"]
[EventDate "2019.06.27"]
[EventType "swiss"]
[EventCountry "RUS"]
[SourceTitle "playchess.com"]
[Source "ChessBase"]
[SourceQuality "1"]
[TimeControl "40/5400+30:1800+30"]

1. e4 c5 2. Ne2 d6 3. g3 g6 4. Bg2 Bg7 5. c3 Nc6 6. d4 Nf6 7. O-O O-O 8. h3 e5 9. Be3 Qe7 10. Nd2 cxd4 11. cxd4 exd4 12. Nxd4 Bd7 13. Nb5 Ne5 14. Qe2 a6 15. Nc3 Bc6 16. a4 Rac8 17. Rfc1 Rfe8 18. b4 Bd7 19. b5 axb5 20. axb5 Be6 21. Ra7 d5 22. f4 Nc4 23. e5 Nh5 24. Bf2 Qb4 25. Nxc4 Rxc4 26. Ra4 Qxa4 27. Nxa4 Rxc1+ 28. Kh2 Rec8 29. Qf3 R1c2 30. Be1 R8c4 31. Qd1 d4 32. Nb6 Rc1 33. Qd2 R4c2 34. Qa5 Rb2 35. Bb4 Ra2 36. Na4 h6 37. Qd8+ Kh7 38. Qxd4 Rcc2 39. Qe4 Bf5 40. Qxb7 Rxa4 41. g4 Nxf4 42. Kg3 Rxg2+ 43. Kxf4 Rxb4+ 44. Ke3 Rg3+ 45. Kf2 Ra3 0-1

[Event "69th RUS-ch Women Higher League 2019"]
[Site "Yaroslavl"]
[Date "2019.06.29"]
[Round "3.9"]
[White "Markelova, Lubov"]
[Black "Ambartsumova, Karina"]
[Result "1/2-1/2"]
[ECO "A09"]
[WhiteElo "2186"]
[BlackElo "2359"]
[Annotator "NA"]
[PlyCount "83"]
[EventDate "2019.06.27"]
[EventType "swiss"]
[EventCountry "RUS"]
[SourceTitle "playchess.com"]
[Source "ChessBase"]
[SourceQuality "1"]
[TimeControl "40/5400+30:1800+30"]

1. Nf3 d5 2. c4 d4 3. g3 c5 4. Bg2 Nc6 5. O-O Nf6 6. e3 Bg4 7. Qb3 Qd7 8. d3 e5 9. exd4 Bxf3 10. Bxf3 Nxd4 11. Qd1 Nxf3+ 12. Qxf3 O-O-O 13. Be3 Qxd3 14. Nc3 Qxc4 15. Rac1 Kb8 16. Rfe1 h6 17. a4 Bd6 18. Nb5 Qg4 19. Qg2 Qe4 20. Qf1 Qc6 21. Nxd6 Qxd6 22. Bxc5 Qe6 23. Qe2 Rd5 24. b4 Nd7 25. Be3 f5 26. Qc4 Qd6 27. a5 a6 28. Bc5 Qc6 29. Be3 Qxc4 30. Rxc4 Nf6 31. Bb6 e4 32. Rec1 Nd7 33. Bc7+ Ka8 34. Bf4 Nb8 35. Rc8 Rdd8 36. R8c7 Rd7 37. Rc8 Rdd8 38. R8c7 g5 39. Be3 Rd7 40. Rc8 Rdd8 41. R8c7 Rd7 42. Rc8 1/2-1/2